 Dungeon Crawl Stone Soup version 0.31-a0-174-g85c54bcb58 (webtiles) character file.

Game seed: 16823647247133480920

114 Anon1729 the Trooper (level 4, 0/41 HPs)
             Began as a Minotaur Monk on June 15, 2023.
             Slain by an ogre
             ... wielding a +0 giant spiked club
              (28 damage)
             ... on level 4 of the Dungeon.
             The game lasted 00:00:59 (2835 turns).

Anon1729 the Trooper (Minotaur Monk)                Turns: 2835, Time: 00:00:59

Health: 0/41       AC:  2    Str: 16    XL:     4   Next: 67%
Magic:  13/13      EV: 13    Int:  7    God:
Gold:   204        SH:  0    Dex: 14    Spells: 3/3 levels left

rFire   . . .        a - +0 short sword
rCold   . . .        d - orb {light}
rNeg    . . .        b - +0 robe
rPois   .            (helmet restricted)
rElec   .            (no cloak)
rCorr   .            (no gloves)
SInv    .            (no boots)
Will    .....        (no amulet)
Stlth   +            r - ring of flight
HPRegen 0.26/turn    w - ring of magical power
MPRegen 0.13/turn

%: no passive effects
@: flying, glowing
A: horns 2, retaliatory headbutt
a: no special abilities


You were on level 4 of the Dungeon.
You visited 1 branch of the dungeon, and saw 4 of its levels.

You collected 204 gold pieces.

Inventory:

Hand Weapons
 a - a +0 short sword (weapon)
Armour
 b - a +0 robe (worn)
 d - an orb of light (worn)
Jewellery
 r - a ring of flight (left hand)
 v - a ring of ice
 w - a ring of magical power (right hand)
Scrolls
 f - a scroll of torment {unknown}
 g - a scroll of vulnerability {unknown}
 i - 3 scrolls of identify {unknown}
 j - a scroll of enchant weapon {unknown}
 m - a scroll of teleportation {unknown}
 n - 2 scrolls of enchant armour {unknown}
 o - 2 scrolls of poison {unknown}
 q - a scroll of fear {unknown}
 t - a scroll of revelation {unknown}
 u - 3 scrolls of blinking {unknown}
 x - a scroll of brand weapon {unknown}
Potions
 e - a potion of attraction {unknown}
 h - a potion of lignification {unknown}
 k - 2 potions of curing {unknown}
 l - 3 potions of degeneration {unknown}
 p - a potion of cancellation {unknown}
 s - 2 potions of enlightenment {unknown}


   Skills:
 + Level 4.3 Fighting
 + Level 3.9 Short Blades
 + Level 2.1 Armour
 + Level 4.0 Dodging
 + Level 1.8 Invocations


You had 3 spell levels left.
You didn't know any spells.
Your spell library contained the following spells:

 Spells                   Type           Power      Damage    Failure   Level
 Freeze                   Ice            0%         1d3       43%         1
 Frozen Ramparts          Ice            0%         1d1       80%         3
 Hailstorm                Conj/Ice       0%         3d3       80%         3


Dungeon Overview and Level Annotations

Branches:
Dungeon (4/15)
 Temple: D:4-7

Altars:
Ru
Xom

Shops:
D:1 [


Innate Abilities, Weirdness & Mutations

You have a pair of horns on your head.
You reflexively headbutt those who attack you in melee.


Message History

The adder hisses angrily.
An ogre comes into view. It is wielding a +0 giant spiked club.
The ogre shouts!
You hit the adder. Your headbutt misses the adder.
The adder is moderately wounded.
The adder barely misses you. You furiously retaliate!
You headbutt the adder, but do no damage.
You hit the adder but do no damage.
The adder is moderately wounded.
The adder bites you.
You hit the adder.
The adder is almost dead.
The adder misses you.
You hit the adder but do no damage.
The adder is almost dead.
The adder bites you.
You hit the adder.
You kill the adder!
Your Dodging skill increases to level 4!
The ogre hits you with a +0 giant spiked club!!
Ouch! That really hurt!
* * * LOW HITPOINT WARNING * * *
You see here an adder corpse.
You are too injured to fight recklessly!
You are too injured to fight recklessly!
You are too injured to fight recklessly!
You are too injured to fight recklessly!
You are too injured to fight recklessly!
You are too injured to fight recklessly!
You are too injured to fight recklessly!
You are too injured to fight recklessly!
You are too injured to fight recklessly!
You are confused.
You feel invigorated. The ogre closely misses you.
You feel less invigorated.
You feel less confused.
The ogre hits you with a +0 giant spiked club!!
Ouch! That really hurt!
You die...

...†..#.....# ####.....#
.. #####...###.## ####
...<##...# ..# #...#
.........###.## ##.....
......#...##..###.......
..........##..##........
.......#................
.......#.......@O.......
........#...............
........#...............
........#..##...........
........#..##...........
........#..##..$........
.... ...###.........#
#.........#


You could see an ogre.

Vanquished Creatures
  3 adders
  A worm (D:2)
  A dart slug (D:3)
  An orc (D:3)
  11 bats
  9 endoplasms
  4 giant cockroaches
  5 goblins
  7 hobgoblins
  8 jackals
  3 quokkas
  9 ball pythons
  4 frilled lizards
  3 kobolds
  3 rats
72 creatures vanquished.

Notes
Turn   | Place    | Note
-------+----------+-------------------------------------------
     0 | D:1      | Anon1729 the Minotaur Monk began the quest for the Orb.
     0 | D:1      | Reached XP level 1. HP: 19/19 MP: 0/0
   179 | D:1      | Reached XP level 2. HP: 25/27 MP: 1/1
   206 | D:1      | Reached skill level 1 in Armour
   436 | D:1      | Found Gekoakil's Antique Armour Shoppe.
   516 | D:1      | Found a faded altar of an unknown god.
   781 | D:1      | Reached skill level 1 in Invocations
   947 | D:2      | Reached XP level 3. HP: 33/33 MP: 2/2
  1529 | D:2      | Reached XP level 4. HP: 32/40 MP: 4/4
  2408 | D:3      | Found a sacrificial altar of Ru.
  2408 | D:3      | Found a shimmering altar of Xom.
  2825 | D:4      | Noticed an ogre
  2835 | D:4      | Slain by an ogre

Illustrated notes

Levels and vault maps discovered:
D:1:      minmay_arrival_semitransparent, layout_loops_ring,
          hellmonk_ecumenical_altar_pennies_from_heaven, serial_shops,
          nicolae_shop_pleasant_corner_grove, minmay_pentomino_q4
D:2:      layout_loops_ring, grunt_ministairs_7, corexii_corridor_pit,
          st_stairs_9, minmay_misc_feat_alley
D:3:      layout_loops_ring, mainiacjoe_overflow_divided_tiny,
          serial_bayou_pond_d, kennysheep_generic_room_2
D:4:      layout_cave_pods, okawaru_ov_weapons_minmay

Skill      XL: |  1  2  3  4 |
---------------+-------------+-----
Armour         | 1 2 |  2.1
Invocations    | 1 |  1.8
Fighting       | 4 |  4.3
Dodging        | 4 |  4.0
Short Blades   | |  3.9

Action                     |  1- 3 |  4- 6 || total
---------------------------+-------+-------++-------
  Melee: Short sword       |   108 |    50 ||   158
         Headbutt          |    22 |    13 ||    35
    Use: Potion            |       |     1 ||     1
 Armour: Robe              |    29 |     7 ||    36
  Dodge: Dodged            |    70 |    28 ||    98

Table legend: (Time is in decaauts)
 A = Elapsed time spent in this place.
 B = Non-inter-level travel time spent in this place.
 C = Inter-level travel time spent in this place.
 D = Time resting spent in this place.
 E = Time spent auto-exploring this place.
 F = Levels seen in this place.
 G = Mean time per level.
                   A        B        C        D        E       F      G
               +--------+--------+--------+--------+--------+-----+--------+
         Total |   2809 |   2636 |    173 |      0 |   2324 |   4 |  702.2 |
       Dungeon |   2809 |   2636 |    173 |      0 |   2324 |   4 |  702.2 |
               +--------+--------+--------+--------+--------+-----+--------+

Top non-repeatable levels by time:
     D:1: 932 daAuts
     D:2: 842 daAuts
     D:3: 795 daAuts
     D:4: 238 daAuts
